AoeStats
← [PSCH] R!ce

Lombardia

507542891Analyzed
4v4 RM · 14d ago on Sep 18, 2026· 43m 20s· 8 players
Game mode
Random Map
Map size
Large (8 player)
Population
200
Speed
Normal
Resources
Standard
Victory
Conquest
Starting age
Dark Age
Ending age
Imperial Age
RankedLock teamsTeams togetherTeam positionsShared explorationLock speedFull tech treeHidden civsTurbo modeCheats
Victory
Defeat
🇰🇷 Maya · South Korea
1621
+10
🇦🇷 Burmese · Argentina
1586
+11
🇨🇳 Khitans · China
1579
+11
🇺🇸 Koreans · United States
1528
+13
🇨🇭 Wei · Switzerland
1500
-12
🇨🇭 Franks · Switzerland
1496
-12
🇨🇭 Japanese · Switzerland
1485
-12
🇨🇭 Hindustanis · Switzerland
1409
-9
DippityDang
8:34 Loom
9:20 Loom
11:53 Feudal Age
16:14 Double-Bit Axe
18:39 Castle Age
17:00 Horse Collar
20:22 Bow Saw
21:01 Fletching
25:44 Bodkin Arrow
27:43 Ballistics
27:31 Gold Mining
29:54 Husbandry
32:26 Wheelbarrow
36:26 Imperial Age
35:32 Thumb Ring
36:06 Scale Mail Armor
36:23 Squires
36:17 Stone Mining
37:09 Bracer
38:11 Chemistry
38:05 Conscription
38:20 Forging
39:51 Chain Mail Armor
40:07 Arson
41:00 Iron Casting
43:55 Plate Mail Armor
43:50 Siege Engineers
FutureEwe5582
6:33 Loom
8:47 Feudal Age
15:44 Castle Age
13:59 Horse Collar
19:46 Padded Archer Armor
24:23 Ballistics
23:57 Gold Mining
28:55 Husbandry
29:44 Wheelbarrow
34:05 Imperial Age
31:42 Town Watch
32:57 Bloodlines
32:42 Treadmill Crane
33:38 Hand Cart
34:26 Gold Shaft Mining
33:42 Stone Mining
33:53 Heavy Plow
34:41 Caravan
36:01 Chemistry
35:36 Conscription
35:21 Elite Arambai
38:23 Parthian Tactics
41:03 Fletching
41:26 Masonry
43:05 Bodkin Arrow
수상
0:32 Loom
10:09 Feudal Age
15:05 Castle Age
15:04 Horse Collar
15:09 Double-Bit Axe
19:31 Wheelbarrow
24:05 Gold Mining
24:09 Stone Mining
25:25 Stone Shaft Mining
30:35 Imperial Age
28:04 Fletching
28:40 Ballistics
29:17 Bodkin Arrow
30:39 Town Watch
31:23 Bracer
32:25 Chemistry
32:16 Padded Archer Armor
33:41 Conscription
33:54 Bow Saw
34:15 Thumb Ring
35:08 Leather Archer Armor
34:38 Elite Plumed Archer
35:47 Scale Mail Armor
36:02 Squires
35:22 Pikeman
36:38 Ring Archer Armor
36:18 Forging
36:29 Halberdier
37:00 Capped Ram
38:12 Chain Mail Armor
38:06 Siege Ram
40:02 Two-Man Saw
40:26 Iron Casting
42:03 Plate Mail Armor
42:06 Arson
啦啦啦啦啦啦
9:29 Loom
11:19 Feudal Age
13:32 Double-Bit Axe
16:53 Castle Age
16:19 Forging
15:57 Domestication
17:45 Scale Barding Armor
19:05 Iron Casting
21:09 Husbandry
23:50 Wheelbarrow
28:58 Chain Barding Armor
35:00 Imperial Age
33:33 Hand Cart
35:08 Elite Steppe Lancer
36:25 Plate Barding Armor
36:03 Pastoralism
39:06 Gold Mining
40:07 Ordo Cavalry
[PSCH] wolverito
12:13 Feudal Age
16:22 Castle Age
14:23 Double-Bit Axe
16:03 Scale Barding Armor
17:21 Bow Saw
19:09 Forging
18:52 Loom
21:09 Iron Casting
24:42 Chain Barding Armor
25:14 Husbandry
27:02 Wheelbarrow
27:20 Town Watch
32:04 Hand Cart
32:45 Gold Mining
35:55 Caravan
37:29 Stone Mining
38:14 Gold Shaft Mining
40:21 Imperial Age
40:30 Cavalier
41:46 Plate Barding Armor
42:35 Blast Furnace
ChnebelSchnägg
9:18 Loom
11:18 Feudal Age
13:12 Double-Bit Axe
16:07 Castle Age
14:27 Horse Collar
18:46 Wheelbarrow
23:49 Heavy Plow
23:44 Gold Mining
25:24 Bow Saw
26:22 Hand Cart
26:26 Bloodlines
28:34 Scale Barding Armor
28:40 Forging
31:24 Imperial Age
29:37 Caravan
29:51 Husbandry
30:16 Chain Barding Armor
31:00 Iron Casting
31:30 Heavy Camel Rider
32:47 Plate Barding Armor
32:05 Fletching
33:07 Gold Shaft Mining
34:08 Blast Furnace
33:43 Imperial Camel Rider
35:12 Conscription
36:25 Blast Furnace
35:58 Bodkin Arrow
37:10 Chemistry
36:30 Ballistics
39:44 Grand Trunk Road
39:52 Town Watch
41:18 Bracer
[PSCH] R!ce
10:57 Feudal Age
9:25 Loom
11:15 Feudal Age
15:23 Castle Age
13:12 Double-Bit Axe
13:25 Horse Collar
14:01 Gold Mining
16:40 Scale Barding Armor
17:56 Bow Saw
18:24 Bloodlines
20:00 Forging
22:36 Chain Barding Armor
23:51 Heavy Plow
25:59 Wheelbarrow
28:44 Husbandry
31:24 Iron Casting
32:04 Caravan
37:23 Imperial Age
39:07 Blast Furnace
37:44 Heavy Hei Guang Cavalry
40:20 Ming Guang Armor
42:40 Fletching
[PSCH] Reh
3:28 Loom
9:36 Feudal Age
10:08 Double-Bit Axe
11:21 Horse Collar
19:22 Castle Age
17:50 Gold Mining
20:01 Fletching
20:27 Bow Saw
24:11 Padded Archer Armor
25:44 Bloodlines
26:14 Bodkin Arrow
27:07 Ballistics
27:16 Thumb Ring
29:04 Leather Archer Armor
32:18 Wheelbarrow
32:24 Gold Shaft Mining
32:59 Stone Mining
33:37 Masonry
35:12 Hand Cart
36:18 Town Watch
39:07 Imperial Age
37:18 Town Patrol
39:02 Husbandry
40:22 Parthian Tactics
39:22 Heavy Cavalry Archer
42:20 Hoardings
Connection lost

Rejoining the realm…

Still unreachable

The connection could not be restored.

Session expired

The server has moved on; the page needs a fresh start.